 Dungeon Crawl Stone Soup version 0.19.1-1-g22dce08 (webtiles) character file.

32 ponk the Grave Robber (level 3, 0/24 HPs)
             Began as a Demonspawn Necromancer on Jan 11, 2017.
             Slain by a bat (1 damage)
             ... on level 1 of the Dungeon.
             The game lasted 00:04:21 (1222 turns).

ponk the Grave Robber (Demonspawn Necromancer)      Turns: 1222, Time: 00:04:22

Health: 0/24       AC:  2    Str:  8    XL:     3   Next: 8%
Magic:  3/6        EV: 12    Int: 17    God:
Gold:   62         SH:  0    Dex: 13    Spells: 2 memorised, 5 levels left

rFire  . . .     SeeInvis .     f - +0 spear
rCold  . . .     Gourm    .     a - +0 robe
rNeg   . . .     Faith    +     (no shield)
rPois  .         Spirit   .     (no helmet)
rElec  .         Reflect  .     (no cloak)
rCorr  .         Harm     .     (no gloves)
MR     .....                    (no boots)
Stlth  ++........               k - amulet of faith
                                (no ring)
                                j - ring of wizardry

@: no status effects
A: claws 2
a: no special abilities


You were on level 1 of the Dungeon.
You were not hungry.

You visited 1 branch of the dungeon, and saw 1 of its levels.

You collected 62 gold pieces.

Inventory:

Hand Weapons
 f - a +0 spear (weapon)
Armour
 a - a +0 robe (worn)
Jewellery
 j - a ring of wizardry (left claw)
 k - an amulet of faith (around neck)
Scrolls
 e - 2 scrolls of teleportation {unknown}
 g - a scroll of identify {unknown}
Potions
 h - a potion of curing {unknown}
 i - a potion of resistance {unknown}
Books
 b - a book of Necromancy

   Spells                             Type                      Level
   a - Pain                           Necromancy                   1
   b - Animate Skeleton               Necromancy                   1
   c - Vampiric Draining              Necromancy                   3
   d - Regeneration                   Charms/Necromancy            3
   e - Animate Dead                   Necromancy                   4
   f - Control Undead                 Necromancy                   4
Comestibles
 c - 3 bread rations
 d - a chunk of flesh


   Skills:
 - Level 1.8 Dodging
 - Level 1.8 Stealth
 + Level 2.5 Spellcasting
 * Level 5.1 Necromancy


You had 5 spell levels left.
You knew the following spells:

 Your Spells              Type           Power        Failure   Level  Hunger
a - Pain                  Necr           ###.         1%          1    #......
b - Animate Skeleton      Necr           N/A          1%          1    #......


Dungeon Overview and Level Annotations

Branches:
Dungeon (1/15)

Altars:


Innate Abilities, Weirdness & Mutations

You have very sharp fingernails.


Message History

The hobgoblin closely misses you.
You closely miss the hobgoblin.
The hobgoblin is lightly wounded.
The hobgoblin hits you with a club!
* * * LOW HITPOINT WARNING * * *
You see here a ring mail.
You see here an inedible chunk of flesh.
The bat hits you.
* * * LOW HITPOINT WARNING * * *
The bat hits you.
* * * LOW HITPOINT WARNING * * *
The bat misses you. The bat hits you but does no damage. The bat hits you.
* * * LOW HITPOINT WARNING * * *
You hit the bat.
The bat is severely wounded.
The bat closely misses you. The bat hits you.
* * * LOW HITPOINT WARNING * * *
The bat hits you.
You die...

#......## #.#.#
#.##.######## ###.....##
#.#.##.##.##.# ###....##
#.#.##.##.##.#
#######...###.#.##.##(##.#
.....####..##.#.##.##.##b#
####.#..###<#.#.##.##.##.#
..........###.#.##.##.##.#
.###.#Z.....#Z#.##.##....#
.......##.#.#Z#[@bg.%....#
.###.#..#.#.#Z####.#...###
#.##.#..#.#.#Z##.#.#.#.#
.....#..#.#.Z.#.>......#
.#...#..#.######.#.#.#.#
...#.#..#.#............#
#.#..####.#.####.#.#.#.#
.....#..#.# #........#
.#.#.#.##.# ##.#.#.#.#


You could see a hobgoblin and a bat.

Vanquished Creatures
  A gnoll (D:1)
  A dart slug (D:1)
  2 bats (D:1)
  A giant cockroach (D:1)
  A goblin (D:1)
  6 hobgoblins (D:1)
  A frilled lizard (D:1)
  4 kobolds (D:1)
  3 rats (D:1)
20 creatures vanquished.

Vanquished Creatures (collateral kills)
  A rat (D:1)
1 creature vanquished.

Grand Total: 21 creatures vanquished

Notes
Turn   | Place    | Note
-------+----------+-------------------------------------------
     0 | D:1      | ponk the Demonspawn Necromancer began the quest for the Orb.
     0 | D:1      | Reached XP level 1. HP: 13/13 MP: 3/3
   354 | D:1      | Learned a level 1 spell: Animate Skeleton
   358 | D:1      | Gained mutation: You have sharp fingernails. [demonic ancestry]
   358 | D:1      | Reached XP level 2. HP: 19/19 MP: 3/5
   591 | D:1      | Reached skill level 5 in Necromancy
  1038 | D:1      | Gained mutation: You have very sharp fingernails. [demonic ancestry]
  1038 | D:1      | Reached XP level 3. HP: 21/24 MP: 2/6
  1222 | D:1      | HP: 1/24 [bat (1)]
  1222 | D:1      | Slain by a bat

Skill      XL: |  1  2 |
---------------+-------+-----
Necromancy     | 5 |  5.1
Dodging        | |  1.8
Stealth        | |  1.8
Spellcasting   | |  2.5

Action                   || total
-------------------------++-------
Melee: Unarmed           ||    14
       Spear             ||    11
 Cast: Pain              ||    34
       Animate Skeleton  ||     4
  Eat: Chunk             ||     1
Armor: Robe              ||     7
Dodge: Dodged            ||    33
